 Dungeon Crawl Stone Soup version 0.25-a0-733-gf7d8cd8a05 (webtiles) character file.

Game seed: 474314409214310907, levelgen mode: deterministic

430 kae the Ruffian (level 6, -1/47 HPs)
             Began as a Draconian Transmuter on Apr 9, 2020.
             Slain by an orc
             ... wielding a +0 short sword
              (2 damage)
             ... on level 3 of the Dungeon.
             The game lasted 00:02:29 (2514 turns).

kae the Ruffian (Draconian Transmuter)              Turns: 2514, Time: 00:02:29

Health: -1/47      AC:  2    Str: 15    XL:     6   Next: 66%
Magic:  8/10       EV: 19    Int: 14    God:
Gold:   82         SH:  0    Dex: 17    Spells: 6/12 levels left

rFire    . . .     SeeInvis .     - Unarmed
rCold    . . .     Gourm    .   (shield currently unavailable)
rNeg     . . .     Faith    .   (armour unavailable)
rPois    x         Spirit   .   (helmet currently unavailable)
rElec    .         Reflect  .   (cloak currently unavailable)
rCorr    .         Harm     .   (gloves currently unavailable)
MR       .....                  (boots currently unavailable)
Stlth    ++........             (no amulet)
HPRegen  0.15/turn              (no ring)
MPRegen  0.12/turn              (no ring)

@: spider-form (expiring), slowed, very slow
A: tiny, unfitting armour, low mp 1, strong 1, AC +6
a: End Transformation


You were on level 3 of the Dungeon.
You were not hungry.
You were a venomous arachnid creature.
You visited 1 branch of the dungeon, and saw 3 of its levels.

You collected 82 gold pieces.

Inventory:

Missiles
 a - 41 arrows
Armour
 i - a +1 pair of gloves (melded)
Jewellery
 j - an uncursed ring of protection from cold {unknown}
Scrolls
 f - a scroll of teleportation {unknown}
 g - a scroll of enchant weapon
 k - a scroll of fear
Potions
 b - a potion of invisibility
 d - a potion of mutation
 e - a potion of lignification
 h - 2 potions of cancellation {unknown}
 l - 3 potions of heal wounds {unknown}
Comestibles
 c - 4 rations
 m - 2 chunks of flesh


   Skills:
 - Level 1.1 Fighting
 - Level 1.7 Dodging
 * Level 5.8 Unarmed Combat
 + Level 3.6 Spellcasting
 + Level 3.9 Transmutations


You had 6 spell levels left.
You knew the following spells:

 Your Spells              Type           Power        Failure   Level  Hunger
a - Beastly Appendage     Tmut           ##....       13%         1    None
b - Sticks to Snakes      Tmut           ##......     17%         2    ##.....
c - Spider Form           Tmut/Pois      #.........   47%         3    ###....

Your spell library contained the following spells:

 Spells                   Type           Power        Failure   Level  Hunger
 Ice Form                 Ice/Tmut       #.......     83%         4    ####...
 Blade Hands              Tmut           ##........   88%         5    ######.


Dungeon Overview and Level Annotations

Branches:
Dungeon (3/15)

Altars:
Uskayaw


Innate Abilities, Weirdness & Mutations

((Your plain brown scales are hard. (AC +6)))
You cannot fit into any form of body armour.
((You are cold-blooded and may be slowed by cold attacks.))
Your magical capacity is low. (-10% MP)
((You are resistant to electric shocks. (rElec)))
Your muscles are strong. (Str +2)


Message History

The orc wizard looks as sick as possible!
The orc wizard is heavily wounded.
The orc barely misses you. x2
The orc wizard hits you with a +0 dagger.
* * * LOW HITPOINT WARNING * * *
You hit the orc wizard.
The orc wizard looks as sick as possible!
The orc wizard is almost dead.
Your transformation is almost over.
You kill the orc wizard!
The orc barely misses you. The orc misses you. The orc hits you with a +0 club.
* * * LOW HITPOINT WARNING * * *
You bite the orc!
You kill the orc!
The orc hits you with a +0 short sword.
* * * LOW HITPOINT WARNING * * *
The orc closely misses you.
You hit the orc but do no damage.
The orc is poisoned.
The orc hits you with a +0 short sword.
You die...

#........ ...
.......##.....#
#.............# ##
##........#....###. ...
#......................
>............... .....
#.o)...# #...# .....
#..s...# #...##.....
###...)..# #.$........
#........###..........
#.....................
#.........###......##.
#.......†.###......#..
#...............##.#.#
#...............##.#.#
####..................


You could see an orc.

Vanquished Creatures
  Sigmund (D:2)
  An orc priest (D:3)
  An orc wizard (D:3)
  Jessica (D:3)
  Robin (D:2)
  6 adders
  An ooze (D:1)
  An adder zombie (D:3)
  2 worms (D:2)
  5 dart slugs
  2 leopard geckos
  2 orcs (D:3)
  6 bats
  2 giant cockroaches
  14 goblins
  13 hobgoblins
  14 jackals
  A quokka (D:2)
  A ball python (D:2)
  7 frilled lizards
  9 kobolds
  5 rats
96 creatures vanquished.

Vanquished Creatures (collateral kills)
  A goblin (D:1)
1 creature vanquished.

Grand Total: 97 creatures vanquished

Notes
Turn   | Place    | Note
-------+----------+-------------------------------------------
     0 | D:1      | kae the Draconian Transmuter began the quest for the Orb.
     0 | D:1      | Reached XP level 1. HP: 16/16 MP: 3/3
   347 | D:1      | Reached XP level 2. HP: 17/23 MP: 3/5
   484 | D:1      | Reached XP level 3. HP: 24/28 MP: 4/6
   488 | D:1      | Learned a level 2 spell: Sticks to Snakes
   492 | D:1      | Learned a level 3 spell: Spider Form
   879 | D:2      | Noticed Robin
   893 | D:1      | Reached skill level 4 in Unarmed Combat
  1168 | D:2      | Killed Robin
  1168 | D:2      | Reached XP level 4. HP: 35/35 MP: 3/7
  1718 | D:2      | Reached XP level 5. HP: 39/40 MP: 7/9
  1854 | D:2      | Noticed Sigmund
  1870 | D:2      | Killed Sigmund
  1870 | D:2      | Reached skill level 5 in Unarmed Combat
  1870 | D:2      | Reached XP level 6. HP: 24/47 MP: 7/11
  2056 | D:3      | Gained mutation: Your magical capacity is low. (-10% MP)
                  | [potion of mutation]
  2056 | D:3      | Gained mutation: Your muscles are strong. (Str +2) [potion
                  | of mutation]
  2056 | D:3      | Gained mutation: You are resistant to electric shocks.
                  | (rElec) [potion of mutation]
  2092 | D:3      | Noticed Jessica
  2099 | D:3      | Killed Jessica
  2412 | D:3      | Found a hide-covered altar of Uskayaw.
  2513 | D:3      | HP: 1/47 [orc/+0 short sword (2)]
  2514 | D:3      | Slain by an orc

Levels and vault maps discovered:
D:1:      minmay_arrival_hallway, layout_rooms, minmay_tiny_reverse_x
D:2:      kennysheep_six_static_rooms, layout_basic, first_ration, uniq_robin,
          uniq_sigmund
D:3:      layout_basic, marbit_many_paths, uniq_crazy_yiuf_cottage, uniq_jessica

Skill      XL: |  1  2  3  4  5 |
---------------+----------------+-----
Unarmed Combat | 4 5 |  5.8
Transmutations | 3 |  3.9
Spellcasting   | 3 |  3.6
Fighting       | |  1.1
Dodging        | |  1.7

Action                   |  1- 3 |  4- 6 || total
-------------------------+-------+-------++-------
Melee: Unarmed           |    86 |   155 ||   241
       Kick              |     9 |     2 ||    11
       Tailslap          |     6 |     9 ||    15
       Headbutt          |     2 |     1 ||     3
       Punch             |     1 |     1 ||     2
 Cast: Beastly Appendage |    14 |     8 ||    22
       Spider Form       |     2 |    10 ||    12
       Sticks to Snakes  |     2 |       ||     2
  Use: Scroll            |     2 |     5 ||     7
       Potion            |       |     1 ||     1
  Eat: Chunk             |       |     7 ||     7
Armor: Skin              |    20 |    40 ||    60
Dodge: Dodged            |    61 |   153 ||   214

Table legend:
 A = Non-vault XP
 B = Vault XP
 C = Vault XP percentage of total XP
 D = Non-vault monster count
 E = Vault monster count
 F = Vault count percentage of total count
                 A         B        C        D         E       F
            +---------+---------+-------+---------+---------+-------
      Total |     303 |     312 |  50.7 |      74 |      23 |  23.7
            +---------+---------+-------+---------+---------+-------
        D:1 |      48 |       7 |  12.7 |      24 |       5 |  17.2
        D:2 |     120 |     267 |  69.0 |      30 |      16 |  34.8
        D:3 |     135 |      38 |  22.0 |      20 |       2 |   9.1
            +---------+---------+-------+---------+---------+-------
